 Dungeon Crawl Stone Soup version 0.28-a0-834-g1a73be5ee4 (webtiles) character file.

Game seed: 6350607831623200272

6673 croobank the Cleaver (level 10, -3/88 HPs)
             Began as a Red Draconian Earth Elementalist on Nov 11, 2021.
             Was an Initiate of Ru.
             Slain by a troll (4 damage)
             ... on level 10 of the Dungeon.
             The game lasted 01:36:52 (10381 turns).

croobank the Cleaver (DrEE)                        Turns: 10381, Time: 01:36:53

Health: -3/88      AC: 10    Str: 13    XL:     10   Next: 73%
Magic:  15/17      EV: 17    Int: 17    God:    Ru [......]
Gold:   456        SH:  5    Dex: 11    Spells: 7/18 levels left

rFire   + . .      SeeInvis .   e - +3 war axe
rCold   . . .      Faith    .   c - +1 buckler
rNeg    . . .      Spirit   .   (armour unavailable)
rPois   .          Reflect  .   (helmet restricted)
rElec   .          Harm     .   n - +2 cloak
rCorr   +          Rampage  .   (no gloves)
Will    .....                   (no boots)
Stlth   ++........              p - amulet of regeneration
HPRegen 1.24/turn               d - ring of resist corrosion
MPRegen 0.15/turn               C - +4 ring of evasion

@: about to teleport, slowed, very slow
A: breathe fire, AC +7, unfitting armour, fire resistance 1, cold-blooded
a: Breathe Fire, Renounce Religion


You were on level 10 of the Dungeon.
You worshipped Ru.
Ru was noncommittal.
You visited 2 branches of the dungeon, and saw 11 of its levels.
You also visited: Ossuary.

You collected 456 gold pieces.

Inventory:

Hand Weapons
 e - a +3 war axe (weapon)
 k - a +3 short sword of protection
 m - a +2 quarterstaff of chaos
 r - a +1 dagger of chaos
 v - a +3 dire flail
 y - a +0 battleaxe
 A - a +0 scimitar
 G - a +1 vorpal long sword
 Y - a +3 scimitar of flaming
Missiles
 a - 42 poisoned darts
 f - 5 throwing nets
 h - 5 atropa-tipped darts
 o - 4 boomerangs
 s - 360 stones
Armour
 c - a +1 buckler (worn)
 n - a +2 cloak (worn)
Jewellery
 d - a ring of resist corrosion (left hand)
 i - an amulet of guardian spirit
 p - an amulet of regeneration (around neck)
 t - a ring of see invisible
 C - a +4 ring of evasion (right hand)
 E - a ring of fire
 O - a ring of willpower
 W - a ring of magical power
 X - a ring of flight
 Z - a ring of ice
Wands
 l - a wand of digging (11)
 F - a wand of polymorph (7)
 I - a wand of iceblast (12)
 U - a wand of paralysis (11)
 V - a wand of flame (20)
Scrolls
 u - 4 scrolls of immolation
 w - a scroll of acquirement {unknown}
 H - a scroll of amnesia
 J - 3 scrolls of fog {unknown}
 L - a scroll of silence {unknown}
 Q - a scroll of blinking {unknown}
 S - 4 scrolls of teleportation
 T - a scroll of summoning {unknown}
Potions
 b - a potion of heal wounds
 g - 3 potions of invisibility
 j - a potion of ambrosia
 x - 5 potions of resistance
 z - 3 potions of might
 B - 2 potions of magic
 D - 2 potions of haste {unknown}
 K - 3 potions of lignification
 M - 3 potions of curing
 N - a potion of berserk rage {unknown}
 P - 3 potions of flight
 R - 2 potions of brilliance {unknown}


   Skills:
 * Level 8.1 Fighting
 + Level 8.2 Axes
 * Level 6.4 Staves
 + Level 0.4 Throwing
 + Level 5.5 Dodging
 + Level 3.0 Stealth
 + Level 3.0 Shields
 + Level 4.7 Spellcasting
 + Level 1.1 Conjurations
 + Level 1.0 Transmutations
 + Level 5.6 Earth Magic
 + Level 1.4 Evocations


You had 7 spell levels left.
You knew the following spells:

 Your Spells              Type           Power      Damage    Failure   Level
a - Sandblast             Erth           46%        2d11      1%          1
b - Passwall              Tmut/Erth      12%        N/A       6%          2
c - Magic Dart            Conj           32%        1d4       10%         1
d - Stone Arrow           Conj/Erth      30%        3d8       12%         3
e - Searing Ray           Conj           16%        2d5       16%         2
f - Call Imp              Summ           3%         N/A       24%         2

Your spell library contained the following spells:

 Spells                   Type           Power      Damage    Failure   Level
 Mephitic Cloud           Conj/Pois/Air  5%         N/A       38%         3
 Petrify                  Tmut/Erth      15%        N/A       38%         4
 Lee's Rapid Deconstruct  Erth           11%        3d9*      41%         5
 Call Canine Familiar     Summ           3%         N/A       43%         3
 Inner Flame              Hex/Fire       3%         N/A       43%         3
 Portal Projectile        Hex/Tloc       6%         N/A       43%         3
 Leda's Liquefaction      Hex/Erth       6%         N/A       45%         4
 Fulminant Prism          Conj/Hex       3%         3d6       77%         4
 Cause Fear               Hex            1%         N/A       85%         4
 Statue Form              Tmut/Erth      10%        N/A       99%         6
 Discord                  Hex            1%         N/A       100%        8


Dungeon Overview and Level Annotations

Branches:
Dungeon (10/15)            Temple (1/1) D:6         Ossuary (visited)
   Lair: D:8-11         Orc: D:9-12

Altars:
Ashenzari
Cheibriados
Dithmenos
Elyvilon
Fedhas
Gozag
Hepliaklqana
Kikubaaqudgha
Makhleb
Nemelex Xobeh
Okawaru
Qazlal
Ru
Sif Muna
Trog
Uskayaw
Vehumet
Wu Jian
Xom
Yredelemnul
Zin
The Shining One


Innate Abilities, Weirdness & Mutations

You can breathe blasts of fire.
Your fiery red scales are hard. (AC +7)
You cannot fit into any form of body armour.
Your flesh is heat resistant. (rF+)
You are cold-blooded and may be slowed by cold attacks.


Message History

You feel much better.
You feel sick.
You are no longer poisoned.
The troll bites you! The troll claws you. You block the troll's attack.
You slash the troll!
The troll is lightly wounded.
The troll bites you. The troll claws you but does no damage.
You block the troll's attack.
The orc knight roars a battlecry!
The orc warriors go into a battle-frenzy!
The troll bites you!
* * * LOW HITPOINT WARNING * * *
The troll barely misses you. The troll claws you!
* * * LOW HITPOINT WARNING * * *
The troll misses you. The troll claws you but does no damage.
The troll closely misses you. The troll bites you!
* * * LOW HITPOINT WARNING * * *
You block the troll's attack. The troll barely misses you.
You feel much better. The troll barely misses you.
The troll claws you but does no damage. The troll barely misses you.
As you read the scroll of teleportation, it crumbles to dust.
You feel strangely unstable. The troll closely misses you.
You block the troll's attack. The troll claws you.
* * * LOW HITPOINT WARNING * * *
The troll bites you!
* * * LOW HITPOINT WARNING * * *
The troll completely misses you. The troll claws you!
* * * LOW HITPOINT WARNING * * *
Okay, then.
Casting: Magic Dart (safe; 10% risk of failure)
Confirm with . or Enter, or press ? or * to list all spells.
Aiming: Searing Ray (safe; 16% risk of failure)
Press: ? - help, Shift-Dir - straight line, f - troll
Aim: a troll (76% to hit)
The searing ray misses the troll. (Press . to maintain the ray.)
The troll closely misses you. The troll claws you.
* * * LOW HITPOINT WARNING * * *
The troll claws you.
You die...

##########
#.........
#..# #{#.#
#T##{O
#.@#coo.
#..# o#...
#..##{. ##
##..# .#
##...# .#
#....#
#...##
#...#
#...#


You could see a troll.

Vanquished Creatures
  Fannar (D:10)
  Harold (D:8)
  Erica (D:10)
  A two-headed ogre (D:9)
  Grinder (D:5)
  A hornet (D:10)
  A troll (D:9)
  A wraith (D:10)
  Menkaure (D:5)
  2 vampire mosquitoes (D:10)
  An acid dragon (D:10)
  A water moccasin (D:7)
  2 hornet zombies
  2 ice beasts (D:6)
  3 sky beasts
  A necrophage (D:7)
  2 ogres (D:6)
  2 centaurs
  2 phantoms
  A kobold brigand (D:8)
  A scorpion (D:6)
  2 bullfrogs
  A wyvern zombie (D:8)
  A wyvern skeleton (D:6)
  3 killer bees (D:7)
  7 wights
  4 howler monkeys
  2 crimson imps
  2 hounds
  3 jellies
  A centaur zombie (Ossuary)
  2 human zombies (Ossuary)
  Crazy Yiuf (D:2)
  A centaur skeleton (D:5)
  A bullfrog skeleton (D:7)
  3 orc wizards
  An iguana (D:6)
  A killer bee zombie (D:8)
  4 mummies (Ossuary)
  A howler monkey zombie (D:7)
  11 adders
  2 ufetubi (D:6)
  A worm (D:3)
  2 dart slugs
  16 orcs
  5 endoplasms
  5 giant cockroaches
  2 gnoll zombies (Ossuary)
  2 goblins
  2 hobgoblins
  20 kobolds
  5 quokkas
  6 ball pythons
  4 bats
  5 frilled lizards
  2 goblin zombies (Ossuary)
  An orc zombie (Ossuary)
  8 rats
169 creatures vanquished.

Vanquished Creatures (others)
  A fungus (D:2)
  A plant (D:2)
  5 toadstools (D:1)
7 creatures vanquished.

Grand Total: 176 creatures vanquished

Notes
Turn   | Place    | Note
-------+----------+-------------------------------------------
     0 | D:1      | croobank the Draconian Earth Elementalist began the quest
                  | for the Orb.
     0 | D:1      | Reached XP level 1. HP: 14/14 MP: 3/3
   305 | D:1      | Reached XP level 2. HP: 20/20 MP: 1/5
  1213 | D:2      | Reached XP level 3. HP: 27/27 MP: 3/6
  1311 | D:2      | Reached skill level 1 in Fighting
  1736 | D:2      | Reached XP level 4. HP: 23/35 MP: 4/8
  1928 | D:2      | Learned a level 2 spell: Passwall
  2239 | D:2      | Found a runed translucent door.
  2240 | D:2      | Noticed Crazy Yiuf
  2247 | D:2      | Killed Crazy Yiuf
  2704 | D:3      | Reached XP level 5. HP: 13/41 MP: 3/9
  3124 | D:3      | Reached skill level 1 in Staves
  3433 | D:3      | Found a faded altar of an unknown god.
  3443 | D:3      | Found a shimmering altar of Xom.
  3715 | D:2      | Reached XP level 6. HP: 40/50 MP: 11/11
  5240 | D:4      | Learned a level 1 spell: Magic Dart
  5417 | D:4      | Reached skill level 1 in Axes
  5421 | D:4      | Your scales start taking on a fiery red colour.
  5421 | D:4      | Reached XP level 7. HP: 47/55 MP: 10/12
  5421 | D:4      | Gained mutation: Your flesh is heat resistant. (rF+) [Red
                  | Draconian growth]
  5509 | D:4      | Learned a level 3 spell: Stone Arrow
  5512 | D:4      | Learned a level 2 spell: Searing Ray
  5587 | D:5      | Entered Level 5 of the Dungeon
  5945 | D:5      | Noticed Menkaure
  5949 | D:5      | Killed Menkaure
  6095 | D:5      | Noticed Grinder
  6105 | D:5      | Killed Grinder
  6106 | D:5      | Reached skill level 1 in Shields
  6106 | D:5      | Reached XP level 8. HP: 66/66 MP: 9/14
  6424 | D:5      | Reached skill level 5 in Earth Magic
  7208 | D:6      | Reached skill level 5 in Fighting
  7287 | D:6      | Found a staircase to the Ecumenical Temple.
  7420 | D:7      | Reached XP level 9. HP: 43/74 MP: 12/15
  7483 | D:7      | Found a sand-covered staircase.
  7488 | Ossuary  | Entered an ossuary
  7829 | D:7      | Reached skill level 5 in Axes
  8399 | D:8      | Reached skill level 5 in Staves
  8450 | D:8      | Noticed Harold
  8477 | D:8      | Killed Harold
  8478 | D:8      | Reached skill level 1 in Conjurations
  9231 | Temple   | Entered the Ecumenical Temple
  9323 | Temple   | Became a worshipper of Ru the Awakened
  9495 | D:9      | Noticed a two-headed ogre
  9497 | D:9      | Reached XP level 10. HP: 76/84 MP: 17/17
  9520 | D:9      | Killed a two-headed ogre
  9774 | D:9      | Learned a level 2 spell: Call Imp
 10056 | D:10     | Entered Level 10 of the Dungeon
 10084 | D:10     | Noticed Fannar
 10111 | D:10     | Reached skill level 5 in Dodging
 10115 | D:10     | Reached skill level 1 in Evocations
 10179 | D:10     | Noticed Erica
 10198 | D:10     | Killed Erica
 10277 | D:10     | Killed Fannar
 10347 | D:10     | Noticed a two-headed ogre
 10350 | D:10     | Noticed an orc knight
 10352 | D:10     | Noticed a cyclops
 10371 | D:10     | Paralysed by a hornet for 2 turns
 10380 | D:10     | HP: 2/88 [troll (8)]
 10381 | D:10     | Slain by a troll

Illustrated notes

Levels and vault maps discovered:
D:1:      ldierk_walled_garden, layout_loops_corners
D:2:      minmay_kobold_bridge, layout_loops_ring, serial_bayou_pond_b,
          uniq_crazy_yiuf_cottage
D:3:      layout_basic, led_xom_imps, ebering_ecumenical_altar_abandoned
D:4:      layout_basic, serial_rivers, chequers_serial_rivers_micro_c,
          chequers_serial_rivers_micro_d, chequers_serial_rivers_micro_c,
          chequers_serial_rivers_marsh
D:5:      layout_basic, uniq_menkaure, uniq_grinder
D:6:      layout_basic, minmay_temple_entry_trees
D:7:      layout_cave_pools, enter_ossuary_2, grunt_ministairs_11
D:8:      layout_basic, columned_hall_lemuel, uniq_harold
D:9:      layout_rooms, small_statue_intersection
D:10:     layout_loops_ring, lair_entry_dummy, minmay_pinched_square,
          uniq_erica, uniq_fannar, uniq_maggie
Temple:   mainiacjoe_temple_archimedes_tessellation

Skill      XL: |  1  2  3  4  5  6  7  8  9 10 |
---------------+-------------------------------+-----
Dodging        | 2 3 4 5 |  5.5
Fighting       | 1 2 3 4 5 6 8 |  8.1
Stealth        | 2 3 |  3.0
Spellcasting   | 3 4 |  4.7
Earth Magic    | 4 5 |  5.6
Staves         | 1 2 4 5 6 |  6.4
Axes           | 1 3 4 7 8 |  8.2
Shields        | 1 2 3 |  3.0
Conjurations   | 1 |  1.1
Evocations     | 1 |  1.4
Throwing       | |  0.4
Transmutations | |  1.0

Action                   |  1- 3 |  4- 6 |  7- 9 | 10-12 || total
-------------------------+-------+-------+-------+-------++-------
Melee: Unarmed           |     7 |       |       |       ||     7
       Short sword       |    30 |   320 |       |       ||   350
       Tailslap          |     1 |    33 |    40 |    11 ||    85
       War axe           |       |    58 |   382 |   100 ||   540
Throw: Dart              |     3 |     7 |       |       ||    10
 Cast: Sandblast         |    47 |    59 |    27 |       ||   133
       Magic Dart        |       |     2 |    23 |     7 ||    32
       Searing Ray       |       |       |       |     1 ||     1
 Abil: Breathe Fire      |       |       |    10 |     7 ||    17
Evoke: Wand              |       |     8 |     9 |     6 ||    23
  Use: Potion            |     3 |     1 |     1 |     8 ||    13
       Scroll            |       |     7 |     9 |     3 ||    19
 Stab: Sleeping          |       |     1 |     4 |       ||     5
Armor: Skin              |    11 |   165 |   137 |    23 ||   336
Dodge: Dodged            |    32 |   217 |   283 |   108 ||   640
Block: Buckler           |       |    55 |    74 |    25 ||   154

Table legend: (Time is in decaauts)
 A = Elapsed time spent in this place.
 B = Non-inter-level travel time spent in this place.
 C = Inter-level travel time spent in this place.
 D = Time resting spent in this place.
 E = Time spent auto-exploring this place.
 F = Levels seen in this place.
 G = Mean time per level.
                   A        B        C        D        E       F      G
               +--------+--------+--------+--------+--------+-----+--------+
         Total |  10645 |  10342 |    303 |   1390 |   5618 |  12 |  887.1 |
       Dungeon |  10134 |   9847 |    287 |   1385 |   5416 |  10 | 1013.4 |
        Temple |    223 |    207 |     16 |      0 |    180 |   1 |  223.0 |
       Ossuary |    287 |    287 |      0 |      5 |     22 |   1 |  287.0 |
               +--------+--------+--------+--------+--------+-----+--------+

Top non-repeatable levels by time:
     D:2: 2024 daAuts
     D:3: 1402 daAuts
     D:4: 1172 daAuts
     D:1: 1100 daAuts
     D:5: 1020 daAuts
     D:8: 981 daAuts
     D:6: 802 daAuts
     D:7: 700 daAuts
     D:9: 577 daAuts
    D:10: 352 daAuts
 Ossuary: 287 daAuts
  Temple: 223 daAuts
